 Dungeon Crawl Stone Soup version 0.31-a0-986-g5e6e4ef867 (webtiles) character file.

Game seed: 13113263452746020868

107 jasper the Changeling (level 4, 0/23 HPs)
             Began as a Spriggan Shapeshifter on Nov 20, 2023.
             Slain by a scorpion (6 damage)
             ... on level 4 of the Dungeon.
             The game lasted 00:04:19 (1720 turns).

jasper the Changeling (Spriggan Shapeshifter)       Turns: 1720, Time: 00:04:19

Health: 0/23       AC:  3    Str: 12    XL:     4   Next: 56%
Magic:  5/5        EV: 18    Int: 11    God:
Gold:   82         SH:  0    Dex: 14    Spells: 3/3 levels left

rFire   . . .        i - +0 short sword
rCold   + . .        (no shield)
rNeg    . . .        a - +1 animal skin
rPois   .            (helmet currently unavailable)
rElec   .            (cloak currently unavailable)
rCorr   .            (gloves unavailable)
SInv    +            (boots unavailable)
Will    .....        (no amulet)
Stlth   ++           l - ring of protection from cold
HPRegen 0.23/turn    (no ring)
MPRegen 0.09/turn

%: no passive effects
@: lethally poisoned (0 -> -5), beast-form, very quick
A: beast (slay +3), very small, no large weapons, unfitting armour, see
invisible, speed 3
a: Begin Untransformation


You were on level 4 of the Dungeon.
You were a hulking beast.
You visited 1 branch of the dungeon, and saw 4 of its levels.

You collected 82 gold pieces.

Inventory:

Hand Weapons
 e - a +0 mace
 i - a +0 short sword (weapon)
Armour
 a - a +1 animal skin (worn)
Jewellery
 f - a ring of wizardry
 l - a ring of protection from cold (left hand)
Talismans
 c - a beast talisman
 d - a flux talisman
Scrolls
 g - a scroll of poison
 h - a scroll of teleportation


   Skills:
 + Level 1.6 Fighting
 + Level 3.7 Dodging
 + Level 2.6 Stealth
 - Level 2.4 Unarmed Combat
 * Level 5.3 Shapeshifting


You had 3 spell levels left.
You didn't know any spells.
Your spell library was empty.

Dungeon Overview and Level Annotations

Branches:
Dungeon (4/15)
 Temple: D:4-7

Altars:

Annotations:
D:3 3 runed translucent doors, osoart's ghost, weakling SpHu


Innate Abilities, Weirdness & Mutations

You are a hulking beast.
Your limbs bulge with bestial killing power. (Slay +3)
You are very small and have problems with some larger weapons.
You are too small for most types of armour.
You have supernaturally acute eyesight. (SInv)
You cover ground extremely quickly. (Speed+++)


Message History

Health restored: 23
i - a +0 short sword (weapon)
A scorpion comes into view.
Unknown command.
The scorpion barely misses you.
You hit the scorpion but do no damage. The scorpion stings you.
You take 4 damage, and have 19/23 hp.
You hit the scorpion.
The scorpion is moderately wounded.
The scorpion completely misses you.
You hit the scorpion.
The scorpion is heavily wounded.
The scorpion barely misses you.
You hit the scorpion but do no damage. You punch the scorpion.
The scorpion is heavily wounded.
The scorpion stings you.
You are poisoned.
The scorpion poisons you! The scorpion stings you.
You take 5 damage, and have 14/23 hp.
MASSIVE DAMAGE!!
You barely miss the scorpion.
The scorpion is heavily wounded.
You feel very sick. The scorpion barely misses you.
You take 3 damage, and have 11/23 hp.
You barely miss the scorpion.
The scorpion is heavily wounded.
You feel very sick. The scorpion closely misses you.
You take 3 damage, and have 8/23 hp.
You aren't carrying any potions.
You closely miss the scorpion.
The scorpion is heavily wounded.
* * * LOW HITPOINT WARNING * * *
You feel sick. The scorpion barely misses you.
You take 2 damage, and have 6/23 hp.
You hit the scorpion.
The scorpion is heavily wounded.
* * * LOW HITPOINT WARNING * * *
You feel sick. The scorpion stings you.
You die...

#.# ##.##
######...####
......†.....+
######...####
###...#
#.....#
#.#...#
#h##### #s#
#.# #.# #..
###


You could see a scorpion.

Vanquished Creatures
  Natasha (D:4)
  A gnoll (D:2)
  An adder (D:2)
  A worm (D:2)
  2 dart slugs (D:1)
  4 bats
  6 endoplasms
  4 giant cockroaches
  4 goblins
  8 hobgoblins
  A jackal (D:3)
  5 kobolds
  A quokka (D:1)
  5 ball pythons
  2 frilled lizards
  7 rats
53 creatures vanquished.

Notes
Turn   | Place    | Note
-------+----------+-------------------------------------------
     0 | D:1      | jasper the Spriggan Shapeshifter began the quest for the
                  | Orb.
     0 | D:1      | Reached XP level 1. HP: 9/9 MP: 2/2
    99 | D:1      | Reached skill level 1 in Fighting
    99 | D:1      | Reached skill level 1 in Stealth
   127 | D:1      | Reached XP level 2. HP: 14/14 MP: 3/3
   592 | D:1      | Reached XP level 3. HP: 18/18 MP: 4/4
  1331 | D:2      | Reached skill level 5 in Shapeshifting
  1429 | D:2      | Reached XP level 4. HP: 22/22 MP: 5/5
  1522 | D:3      | Found a runed translucent gate.
  1522 | D:3      | Found a runed translucent gate.
  1533 | D:3      | Found a runed translucent gate.
  1541 | D:3      | Noticed osoart's ghost (weakling SpHu)
  1544 | D:3      | Identified the +8 short sword "Fumiffi" {pain, MP+9 Dex+4}
  1653 | D:4      | Noticed Natasha
  1661 | D:4      | Killed Natasha
  1710 | D:4      | Noticed a scorpion
  1720 | D:4      | Slain by a scorpion

Illustrated notes

Levels and vault maps discovered:
D:1:      dpeg_arrival_central, layout_basic
D:2:      layout_loops_cross
D:3:      minmay_evil_eye, layout_basic, fedhas_altar_2,
          biasface_ghost_orc_armoury, chequers_avenue, solitary_fountain,
          kennysheep_generic_room_11
D:4:      layout_loops_corners, nicolae_shop_self_help, uniq_natasha

Skill      XL: |  1  2  3 |
---------------+----------+-----
Fighting       | 1 |  1.6
Stealth        | 1 2 |  2.6
Dodging        | 3 |  3.7
Shapeshifting  | 5 |  5.3
Unarmed Combat | |  2.4

Action                     |  1- 3 |  4- 6 || total
---------------------------+-------+-------++-------
  Melee: Mace              |    80 |    16 ||    96
         Punch             |     2 |     2 ||     4
         Short sword       |       |     8 ||     8
         Unarmed           |       |     3 ||     3
  Throw: Dart              |    26 |     7 ||    33
         Stone             |     8 |       ||     8
    Use: Scroll            |     3 |     3 ||     6
         Potion            |       |     1 ||     1
   Stab: Sleeping          |     4 |       ||     4
 Armour: Animal skin       |    16 |     8 ||    24
         Skin              |       |     5 ||     5
  Dodge: Dodged            |    59 |    25 ||    84

Table legend: (Time is in decaauts)
 A = Elapsed time spent in this place.
 B = Non-inter-level travel time spent in this place.
 C = Inter-level travel time spent in this place.
 D = Time resting spent in this place.
 E = Time spent auto-exploring this place.
 F = Levels seen in this place.
 G = Mean time per level.
                   A        B        C        D        E       F      G
               +--------+--------+--------+--------+--------+-----+--------+
         Total |   1273 |   1252 |     21 |    194 |    540 |   4 |  318.2 |
       Dungeon |   1273 |   1252 |     21 |    194 |    540 |   4 |  318.2 |
               +--------+--------+--------+--------+--------+-----+--------+

Top non-repeatable levels by time:
     D:1: 629 daAuts
     D:2: 426 daAuts
     D:3: 155 daAuts
     D:4: 62 daAuts
